 Dungeon Crawl Stone Soup version 0.23.1 (webtiles) character file.

Game seed: 16472103377623166208

21 studuhmizer the Magician (level 2, -2/20 HPs)
             Began as a Mummy Wizard on Mar 9, 2019.
             Slain by Natasha (6 damage)
             ... on level 1 of the Dungeon.
             The game lasted 00:02:25 (995 turns).

studuhmizer the Magician (Mummy Wizard)              Turns: 995, Time: 00:02:26

Health: -2/20      AC:  3    Str: 10    XL:     2   Next: 62%
Magic:  1/7        EV: 12    Int: 17    God:
Gold:   51         SH:  0    Dex: 10    Spells: 5/10 levels left

rFire    x . .     SeeInvis .   g - +0 dagger
rCold    + . .     Gourm    .   (no shield)
rNeg     + + +     Faith    .   a - +0 robe
rPois    ∞         Spirit   .   b - +0 hat
rElec    .         Reflect  .   (no cloak)
rCorr    .         Harm     .   (no gloves)
MR       .....                  e - +0 pair of boots
Stlth    ++........             (no amulet)
HPRegen  0.06/turn              (no ring)
MPRegen  0.10/turn              (no ring)

@: very slightly contaminated, slowed, very slow
A: no food or potions, fire vulnerability, cold resistance 1, negative energy
resistance 3, torment resistance, unbreathing
a: no special abilities


You were on level 1 of the Dungeon.
You were not hungry.

You visited 1 branch of the dungeon, and saw 2 of its levels.

You collected 51 gold pieces.

Inventory:

Hand Weapons
 g - a +0 dagger (weapon)
Armour
 a - a +0 robe (worn)
 b - a +0 hat (worn)
 e - a +0 pair of boots (worn)
Jewellery
 j - an uncursed amulet of the acrobat {unknown}
Scrolls
 c - 3 scrolls of remove curse {unknown}
 d - 2 scrolls of amnesia {unknown}
 f - a scroll of immolation {unknown}
 h - 2 scrolls of identify {unknown}
 i - a scroll of magic mapping {unknown}


   Skills:
 + Level 0.8 Fighting
 - Level 1.5 Dodging
 - Level 1.5 Stealth
 * Level 4.5 Spellcasting
 * Level 1.4 Conjurations
 - Level 0.7 Summonings
 - Level 0.7 Translocations


You had 5 spell levels left.
You knew the following spells:

 Your Spells              Type           Power        Failure   Level  Hunger
b - Blink                 Tloc           N/A          17%         2    N/A
c - Call Imp              Summ           #.......     17%         2    N/A
z - Magic Dart            Conj           #...         9%          1    N/A

Your spell library contained the following spells:

 Spells                   Type           Power        Failure   Level  Hunger
 Slow                     Hex            #.......     22%         2    N/A
 Conjure Flame            Conj/Fire      #.......     32%         3    N/A
 Mephitic Cloud           Conj/Pois/Air  #.......     36%         3    N/A

Dungeon Overview and Level Annotations

Branches:
Dungeon (2/15)

Altars:
Fedhas
Qazlal

Annotations:
D:1 Natasha


Innate Abilities, Weirdness & Mutations

You do not eat or drink.
Your flesh is vulnerable to fire.
You are immune to poison.
Your flesh is cold resistant. (rC+)
You are immune to negative energy. (rN+++)
You are immune to unholy pain and torment.
You can survive without breathing.


Message History

Aiming: Magic Dart (safe; 9% risk of failure)
Press: ? - help, Shift-Dir - straight line, f/p - Natasha
Aim: Natasha (moderately wounded)
The magic dart hits Natasha but does no damage.
Natasha is moderately wounded.
Natasha barely misses you.
Casting: Magic Dart (safe; 9% risk of failure)
Confirm with . or Enter, or press ? or * to list all spells.
You don't have enough magic to cast that spell.
Casting: Magic Dart (safe; 9% risk of failure)
Confirm with . or Enter, or press ? or * to list all spells.
You don't have enough magic to cast that spell.
Casting: Magic Dart (safe; 9% risk of failure)
Confirm with . or Enter, or press ? or * to list all spells.
You don't have enough magic to cast that spell.
Natasha casts a spell at you. The magic dart hits you.
* * * LOW HITPOINT WARNING * * *
Natasha claws you.
You die...

####### ##.....# ###########
##......### ###
#.........###.w.>.....######..
#.........##..#.....#.........
##...........h#.#........##....
#............#@..#.............
#.......#######.#######).÷.....
#....(..# ##.......## #........
#.......###.........###........
#.......##...........##........
#.......#.............#........
#......##.....!..)....##.......
#.....#.#..........)..#.#......
###..#.........<.........#)....


You could see Natasha.

Vanquished Creatures
  A dart slug (D:1)
  A leopard gecko (D:1)
  5 bats (D:1)
  A giant cockroach (D:1)
  A hobgoblin (D:1)
  2 kobolds (D:1)
  2 ball pythons (D:1)
  2 frilled lizards (D:1)
  4 rats (D:1)
19 creatures vanquished.

Notes
Turn   | Place    | Note
-------+----------+-------------------------------------------
     0 | D:1      | studuhmizer the Mummy Wizard began the quest for the Orb.
     0 | D:1      | Reached XP level 1. HP: 13/13 MP: 5/5
    59 | D:1      | Reached skill level 1 in Conjurations
   266 | D:1      | Reached XP level 2. HP: 20/20 MP: 4/7
   271 | D:1      | Learned a level 2 spell: Call Imp
   275 | D:1      | Learned a level 2 spell: Blink
   980 | D:2      | Found a stormy altar of Qazlal.
   980 | D:2      | Found a blossoming altar of Fedhas.
   980 | D:2      | Noticed Natasha
   995 | D:1      | Slain by Natasha

Skill      XL: |  1 |
---------------+----+-----
Conjurations   | 1 |  1.4
Fighting       | |  0.8
Dodging        | |  1.5
Stealth        | |  1.5
Spellcasting   | |  4.5
Summonings     | |  0.7
Translocations | |  0.7

Action                   || total
-------------------------++-------
Melee: Dagger            ||     5
       Unarmed           ||     1
 Cast: Magic Dart        ||    55
Armor: Robe              ||    15
Dodge: Dodged            ||    23
